 Dungeon Crawl Stone Soup version 0.19.1 (webtiles) character file.

46394 tognito the Severer (level 14, -3/124 HPs)
             Began as a Minotaur Berserker on Nov 27, 2016.
             Was the Champion of Trog.
             Slain by a frost giant
             ... wielding a +0 battleaxe of freezing
              (14 damage)
             ... on level 15 of the Dungeon.
             The game lasted 00:45:34 (15489 turns).

tognito the Severer (Minotaur Berserker)           Turns: 15489, Time: 00:45:34

Health: -3/124     AC: 30    Str: 30    XL:     14   Next: 4%
Magic:  13/13      EV: 14    Int:  6    God:    Trog [******]
Gold:   933        SH:  0    Dex: 10    Spells: 0 memorised, 13 levels left

rFire  . . .     SeeInvis .     a - +4 executioner's axe (elec)
rCold  . . .     Gourm    .     A - +2 plate armour
rNeg   . . .     Faith    +     (shield currently unavailable)
rPois  +         Spirit   .     D - +1 hat
rElec  .         Reflect  .     V - +4 cloak "Zulihyijugh" {Str+3}
rCorr  .         Harm     .     Y - +0 pair of gloves
MR     +....                    S - +1 pair of boots {run}
Stlth  ..........               k - amulet of faith
                                T - +5 ring of slaying
                                I - ring of poison resistance

@: quick
A: retaliatory headbutt, horns 2, repulsion field 1, slimy green scales 1,
clever 1, frail 1
a: Berserk, Trog's Hand, Brothers in Arms, Burn Spellbooks, Renounce Religion


You were on level 15 of the Dungeon.
You worshipped Trog.
Trog was exalted by your worship.
You were not hungry.

You visited 1 branch of the dungeon, and saw 15 of its levels.
You also visited: Sewer and Ossuary.

You collected 933 gold pieces.

Inventory:

Hand Weapons
 a - a +4 executioner's axe of electrocution (weapon)
 b - a +0 arbalest
 F - a +5 battleaxe of flaming
Missiles
 f - 105 bolts
Armour
 A - a +2 plate armour (worn)
 D - a +1 hat (worn)
 S - a +1 pair of boots of running (worn)
 V - the +4 cloak "Zulihyijugh" (worn) {Str+3}
   (You acquired it on level 14 of the Dungeon)

   It affects your strength (+3).
 Y - a +0 pair of gloves (worn)
Jewellery
 k - an amulet of faith (around neck)
 m - an uncursed ring of fire
 y - a cursed amulet of the gourmand
 G - an uncursed amulet of regeneration
 H - an uncursed ring of protection from magic
 I - a ring of poison resistance (left hand)
 J - an uncursed ring of magical power
 K - an uncursed ring of protection from magic
 O - an uncursed ring of protection from cold
 T - a +5 ring of slaying (right hand)
Wands
 d - a wand of paralysis (9/24)
 i - a wand of lightning (8/15)
 o - a wand of disintegration (4/24)
 E - a wand of digging (8/24)
 L - a wand of heal wounds (5/9)
 R - a wand of polymorph (6/24)
Scrolls
 e - 3 scrolls of blinking
 g - a scroll of fear
 j - 10 scrolls of identify
 l - 8 scrolls of remove curse
 r - a scroll of magic mapping
 u - 3 scrolls of teleportation
Potions
 n - 6 potions of flight
 q - 7 potions of curing
 v - 4 potions of cure mutation
 w - 2 potions of agility
 x - 2 potions of berserk rage {unknown}
 z - 2 potions of brilliance
 B - 2 potions of haste
Miscellaneous
 N - a lamp of fire
 U - a phantom mirror
 W - a fan of gales
Comestibles
 c - 18 bread rations
 h - 12 fruits
 p - 5 chunks of flesh
 s - a slice of pizza
 t - 4 meat rations
 C - a royal jelly
 M - 5 beef jerkies


   Skills:
 * Level 16.5 Fighting
 * Level 16.6 Axes
 + Level 12.2 Armour
 + Level 10.9 Dodging


You had 13 spell levels left.
You didn't know any spells.

Dungeon Overview and Level Annotations

Branches:
Dungeon (15/15)            Temple (0/1) D:6            Lair (0/6) D:9
    Orc (0/2) D:10         Vaults (0/5) D:14
 Depths: D:15

Altars:
Cheibriados
Dithmenos
Fedhas
Gozag
Hepliaklqana
Kikubaaqudgha
Makhleb
Qazlal
Sif Muna
Trog
Vehumet
Zin

Shops:
D:9 *=(   D:10 =   D:12 *


Innate Abilities, Weirdness & Mutations

You reflexively headbutt those who attack you in melee.
You have a pair of horns on your head.
You are surrounded by a mild repulsion field. (EV +2)
You are partially covered in slimy green scales. (AC +2)
Your mind is acute. (Int +2)
You are frail. (-10% HP)


Message History

[Y]es or [N]o only, please.
Really attack while wielding your +0 arbalest? [Y]es or [N]o only, please.
Really attack while wielding your +0 arbalest?
Okay, then.
You hear the crackle of electricity.
a - a +4 executioner's axe of electrocution (weapon)
You slice the frost giant!! You headbutt the frost giant!
The frost giant is moderately wounded.
The frost giant points at you and mumbles some strange words.
The bolt of cold hits you!
* * * LOW HITPOINT WARNING * * *
You slice the frost giant!! You headbutt the frost giant!!
The frost giant is severely wounded.
The frost giant completely misses you.
You hit the frost giant.
There is a sudden explosion of sparks!
You headbutt the frost giant.
The frost giant is almost dead.
The frost giant hits you with a battleaxe of freezing!
You die...

#...............# #.
#......†........# ..
#.##..####.........# ..#
..##..####.........#
.####.###.##..#............#
.....#......................
#...........######.........
#....#.....##...⌠#.........
#.........)#..@C.#8'8......
#......(...#.######.#......
#........).#.....'..#......
#......)...#.....'..#......
#.......(.(#.######.#......
#.......)((#.._).#8'8......
##......÷..(##...⌠#.........
...........()######.........
............))).............


You could see a frost giant.

Vanquished Creatures
  A frost giant (D:15)
  Nessos (D:15)
  An ettin (D:15)
  2 yaktaur captains
  Erica (D:8)
  An ogre mage (D:14)
  8 centaur warriors
  A tengu warrior (D:15)
  Sonja (D:13)
  A deep elf knight (D:15)
  3 unseen horrors
  An orange crystal statue (D:10)
  7 hill giants
  An orc knight (D:14)
  2 wolf spiders (D:11)
  An orc sorcerer (D:15)
  A deep elf mage (D:13)
  An ugly thing (D:11)
  2 cyclopes (D:12)
  A manticore (D:11)
  Maurice (D:8)
  A gargoyle (D:13)
  A kobold demonologist (D:10)
  8 trolls
  4 two-headed ogres
  2 hornets (D:14)
  5 hippogriffs
  A spriggan (D:7)
  Sigmund (D:2)
  2 water elementals (D:14)
  2 shadows
  2 wraiths
  11 yaks
  3 wyverns
  2 vampires
  A hungry ghost (D:12)
  A steam dragon (D:12)
  3 wargs (D:9)
  Menkaure (D:7)
  Edmund (D:5)
  2 water moccasins
  2 soldier ants
  Purgy (Sewer)
  3 sky beasts
  2 black bears (D:8)
  A hornet zombie (D:13)
  4 ice beasts
  7 orc warriors
  An eye of draining (D:10)
  A boggart (D:14)
  10 ogres
  4 phantoms
  15 necrophages
  22 centaurs
  A crocodile (D:12)
  6 big kobolds
  11 bullfrogs
  3 wyvern skeletons
  3 scorpions
  A water moccasin skeleton (D:8)
  24 killer bees
  3 electric eels (D:14)
  14 wights
  3 howler monkeys
  9 bullfrog zombies
  2 centaur zombies
  7 crimson imps
  A quasit (D:10)
  Crazy Yiuf (D:2)
  10 orc priests
  6 centaur skeletons
  5 hounds
  7 jellies
  A bullfrog skeleton (D:13)
  9 iguanas
  Terence (D:3)
  Ijyb (D:2)
  17 orc wizards
  Natasha (D:2)
  12 worker ants
  A killer bee zombie (D:8)
  A hound zombie (Ossuary)
  3 hound skeletons
  A howler monkey zombie (Ossuary)
  12 mummies
  7 worker ant zombies
  8 gnolls (D:4)
  13 adders
  2 river rats (D:6)
  2 shadow imps (D:14)
  2 oozes
  9 adder zombies
  2 adder skeletons
  A worm (D:2)
  A dart slug (D:2)
  7 leopard geckos
  52 orcs
  4 bats
  5 giant cockroaches
  10 goblins (D:2)
  3 hobgoblins
  7 jackals
  3 quokkas
  3 ball pythons
  10 frilled lizards
  3 hobgoblin zombies (D:4)
  3 jackal zombies
  19 kobolds
  A kobold zombie (D:4)
  A leopard gecko skeleton (D:4)
  2 orc zombies (D:4)
  A quokka skeleton (D:5)
  3 quokka zombies
  9 rats
  A fungus (D:2)
537 creatures vanquished.

Vanquished Creatures (collateral kills)
  An ogre mage (D:15)
  A hydra (D:11)
  A centaur warrior (D:15)
  A hill giant (D:11)
  An orc knight (D:15)
  A mottled dragon (D:15)
  A centaur (D:15)
  3 wights (D:11)
  3 mummies (Ossuary)
13 creatures vanquished.

Vanquished Creatures (others)
  A tengu warrior (D:15)
  3 plants (D:11)
  A withered plant (Ossuary)
5 creatures vanquished.

Grand Total: 555 creatures vanquished

Notes
Turn   | Place    | Note
-------+----------+-------------------------------------------
     0 | D:1      | tognito the Minotaur Berserker began the quest for the Orb.
     0 | D:1      | Reached XP level 1. HP: 19/19 MP: 0/0
   184 | D:1      | Reached XP level 2. HP: 24/27 MP: 1/1
   729 | D:2      | Noticed Ijyb
   738 | D:2      | Killed Ijyb
   738 | D:2      | Reached XP level 3. HP: 15/34 MP: 2/2
   738 | D:2      | Reached ** piety under Trog
  1110 | D:2      | Found a glowing silver altar of Zin.
  1110 | D:2      | Found a hazy altar of Hepliaklqana.
  1162 | D:2      | Noticed Natasha
  1166 | D:2      | Killed Natasha
  1166 | D:2      | Reached XP level 4. HP: 41/41 MP: 3/3
  1267 | D:2      | Noticed Sigmund
  1275 | D:2      | Killed Sigmund
  1275 | D:2      | Reached skill level 5 in Fighting
  1275 | D:2      | Reached skill level 5 in Axes
  1275 | D:2      | Reached XP level 5. HP: 37/48 MP: 4/4
  1542 | D:2      | Found a runed door.
  1546 | D:2      | Noticed Crazy Yiuf
  1554 | D:2      | Killed Crazy Yiuf
  1554 | D:2      | Reached XP level 6. HP: 34/56 MP: 1/5
  1755 | D:3      | Found a shadowy altar of Dithmenos.
  1810 | D:3      | Found a stormy altar of Qazlal.
  1819 | D:3      | Found a blossoming altar of Fedhas.
  1826 | D:3      | Noticed Terence
  1832 | D:3      | Killed Terence
  1930 | D:3      | Reached *** piety under Trog
  2104 | D:3      | Found a bloodstained altar of Trog.
  2547 | D:4      | Reached XP level 7. HP: 44/64 MP: 6/6
  2562 | D:4      | Found a sand-covered staircase.
  2570 | Ossuary  | Entered an ossuary
  2830 | Ossuary  | Reached skill level 5 in Armour
  2832 | Ossuary  | Reached **** piety under Trog
  3001 | Ossuary  | Reached XP level 8. HP: 67/73 MP: 7/7
  3136 | D:4      | Gained mutation: You are frail. (-10% HP) [potion of mutation]
  3136 | D:4      | Gained mutation: You are surrounded by a mild repulsion field. (EV +2) [potion of mutation]
  3136 | D:4      | Gained mutation: You are partially covered in slimy green scales. (AC +2) [potion of mutation]
  3247 | D:4      | Received a gift from Trog
  3704 | D:5      | Entered Level 5 of the Dungeon
  3920 | D:5      | Noticed Edmund
  3934 | D:5      | Killed Edmund
  4026 | D:5      | Reached skill level 5 in Dodging
  4535 | D:6      | Found a staircase to the Ecumenical Temple.
  4576 | D:6      | Found a glowing drain.
  4586 | Sewer    | Entered a sewer
  4687 | Sewer    | Reached ***** piety under Trog
  4691 | Sewer    | Noticed Purgy
  4702 | Sewer    | Killed Purgy
  4702 | Sewer    | Reached XP level 9. HP: 71/73 MP: 8/8
  4961 | D:7      | Noticed Menkaure
  4969 | D:7      | Killed Menkaure
  5271 | D:7      | Reached skill level 10 in Axes
  5489 | D:7      | Received a gift from Trog
  5489 | D:7      | Reached skill level 10 in Fighting
  5660 | D:7      | Found a burning altar of Makhleb.
  6057 | D:7      | Noticed a hill giant
  6064 | D:7      | Killed a hill giant
  6163 | D:8      | Reached XP level 10. HP: 81/84 MP: 9/9
  6166 | D:8      | Noticed Erica
  6193 | D:8      | Killed Erica
  6461 | D:8      | Found a radiant altar of Vehumet.
  6596 | D:8      | Reached ****** piety under Trog
  6985 | D:8      | Noticed Maurice
  7002 | D:8      | Killed Maurice
  7142 | D:8      | Found a deep blue altar of Sif Muna.
  7317 | D:8      | Reached XP level 11. HP: 84/93 MP: 10/10
  7455 | D:9      | Found Voph's Jewellery Shop.
  7660 | D:9      | Received a gift from Trog
  7799 | D:9      | Found a snail-covered altar of Cheibriados.
  7825 | D:9      | Found Woom's Weapon Shop.
  7832 | D:9      | Noticed a centaur warrior
  7843 | D:9      | Killed a centaur warrior
  8352 | D:9      | Found Ozuff's Assorted Antiques.
  8425 | D:9      | Received a gift from Trog
  8544 | D:9      | Found a staircase to the Lair.
  8650 | D:10     | Entered Level 10 of the Dungeon
  8666 | D:10     | Found a staircase to the Orcish Mines.
  9032 | D:10     | Found Xayxux's Jewellery Emporium.
  9066 | D:10     | Noticed an orange crystal statue
  9079 | D:10     | Noticed a hill giant
  9080 | D:10     | Killed an orange crystal statue
  9553 | D:10     | Noticed a hill giant
  9559 | D:10     | Killed a hill giant
  9588 | D:10     | Reached skill level 10 in Armour
  9997 | D:11     | Noticed a hill giant
 10004 | D:11     | Killed a hill giant
 10058 | D:11     | Received a gift from Trog
 10180 | D:11     | Noticed a purple ugly thing
 10191 | D:11     | Killed a purple ugly thing
 10191 | D:11     | Reached XP level 12. HP: 80/103 MP: 3/11
 10193 | D:11     | Noticed a yaktaur captain
 10211 | D:11     | Killed a yaktaur captain
 10509 | D:11     | Gained mutation: Your mind is acute. (Int +2) [potion of beneficial mutation]
 10709 | D:11     | Noticed an eight-headed hydra
 10730 | D:11     | Killed an eight-headed hydra
 11493 | D:12     | Received a gift from Trog
 11581 | D:12     | Found Pephofoli's General Store.
 12036 | D:12     | Identified a +1 pair of boots of running (You found it on level 12 of the Dungeon)
 12372 | D:12     | Reached skill level 15 in Axes
 12428 | D:13     | Noticed a centaur warrior
 12435 | D:13     | Killed a centaur warrior
 12438 | D:13     | Received a gift from Trog
 12448 | D:13     | Reached skill level 15 in Fighting
 12500 | D:13     | Reached XP level 13. HP: 112/113 MP: 12/12
 12577 | D:13     | Noticed Sonja
 13304 | D:13     | Reached skill level 10 in Dodging
 13436 | D:13     | Killed Sonja
 13957 | D:14     | Found a blossoming altar of Fedhas.
 14036 | D:14     | Identified a scroll of acquirement
 14037 | D:14     | Got a translucent cloak
 14048 | D:14     | Identified the +4 cloak "Zulihyijugh" {Str+3} (You acquired it on level 14 of the Dungeon)
 14053 | D:14     | Got a steaming scale mail
 14054 | D:14     | Identified the +4 scale mail of Enwalool {rPois rF- MR+ SInv} (You found it on level 14 of the Dungeon)
 14479 | D:14     | Received a gift from Trog
 14639 | D:14     | Found a gate to the Vaults.
 14966 | D:15     | Entered Level 15 of the Dungeon
 14982 | D:15     | Noticed an ettin
 14988 | D:15     | Killed an ettin
 15386 | D:15     | Found a large runed door.
 15387 | D:15     | Found a large runed door.
 15411 | D:15     | Noticed Nessos
 15425 | D:15     | Killed Nessos
 15464 | D:15     | Found an opulent altar of Gozag.
 15464 | D:15     | Noticed a frost giant
 15471 | D:15     | Killed a frost giant
 15471 | D:15     | Reached XP level 14. HP: 87/124 MP: 13/13
 15483 | D:15     | Found an ancient bone altar of Kikubaaqudgha.
 15483 | D:15     | Noticed a frost giant
 15489 | D:15     | Slain by a frost giant

Skill      XL: |  1  2  3  4  5  6  7  8  9 10 11 12 13 |
---------------+----------------------------------------+-----
Fighting       | 4 5 6 7 8 10 11 13 15 16 | 16.5
Axes           | 4 5 6 7 9 10 12 13 15 16 | 16.6
Armour         | 3 4 5 6 7 9 10 11 12 | 12.2
Dodging        | 3 4 5 6 7 8 9 10 | 10.9

Action                   |  1- 3 |  4- 6 |  7- 9 | 10-12 | 13-15 || total
-------------------------+-------+-------+-------+-------+-------++-------
Melee: Hand axe          |    38 |    94 |   437 |   125 |       ||   694
       Headbutt          |     3 |    19 |   103 |   113 |    32 ||   270
       Battleaxe         |       |       |       |   442 |       ||   442
       Executioner's axe |       |       |       |     4 |   127 ||   131
 Fire: Arbalest          |       |       |       |    40 |    47 ||    87
Throw: Tomahawk          |       |       |       |     3 |       ||     3
Invok: Berserk           |       |     2 |     1 |     2 |       ||     5
       Trog's Hand       |       |     1 |     1 |     1 |       ||     3
       Brothers in Arms  |       |       |     1 |     3 |     1 ||     5
       Burn Spellbooks   |       |       |       |     5 |     1 ||     6
Evoke: Wand              |       |       |       |     1 |       ||     1
  Use: Potion            |     1 |     4 |     4 |     5 |     1 ||    15
       Scroll            |       |       |    15 |     3 |     8 ||    26
  Eat: Chunk             |     1 |     6 |    12 |    24 |    10 ||    53
       Fruit             |       |       |     3 |       |       ||     3
Armor: Animal skin       |     9 |     5 |       |       |       ||    14
       Chain mail        |       |    15 |   153 |   343 |       ||   511
       Ring mail         |       |     8 |       |       |       ||     8
       Plate armour      |       |       |       |    68 |   152 ||   220
Dodge: Dodged            |    32 |    55 |   226 |   490 |   137 ||   940
